 Dungeon Crawl Stone Soup version 0.25.1-2-g60ff931df9 (webtiles) character file.

Game seed: 18384505448877984626

23923 lorenzova the Eclecticist (level 12, -3/59 HPs)
             Began as a Deep Elf Conjurer on Oct 22, 2020.
             Was a High Priest of Vehumet.
             Shot with an arrow by a centaur warrior (13 damage)
             ... on level 14 of the Dungeon.
             The game lasted 00:50:01 (18509 turns).

lorenzova the Eclecticist (Deep Elf Conjurer)      Turns: 18509, Time: 00:50:02

Health: -3/59      AC: 12    Str: 10    XL:     12   Next: 76%
Magic:  4/51       EV: 11    Int: 26    God:    Vehumet [*****.]
Gold:   611        SH:  0    Dex: 19    Spells: 19/42 levels left

rFire    + . .     SeeInvis .   q - +3 scythe (vorpal)
rCold    x . .     Gourm    .   (shield currently unavailable)
rNeg     . . .     Faith    .   x - +1 ring mail of Forking Paths {MR- Str+2 Dex+4}
rPois    +         Spirit   .   R - +2 helmet
rElec    .         Reflect  .   (no cloak)
rCorr    .         Harm     .   D - +2 pair of gloves of the Bells {-Tele rPois MP+9 Str+3}
MR       .....     NoTele   +   (no boots)
Stlth    ++........             (no amulet)
HPRegen  0.19/turn              n - ring of magical power
MPRegen  0.32/turn              y - ring of fire

@: no status effects
A: no striking features
a: Renounce Religion


You were on level 14 of the Dungeon.
You worshipped Vehumet.
Vehumet was extremely pleased with you.
You were near starving.

You visited 1 branch of the dungeon, and saw 14 of its levels.
You visited 1 bazaar.
You also visited: Bailey.

You collected 641 gold pieces.
You spent 30 gold pieces at shops.

Inventory:

Hand Weapons
 q - a +3 vorpal scythe (weapon)
Armour
 x - the +1 ring mail of Forking Paths (worn) {MR- Str+2 Dex+4}
   (You found it on level 5 of the Dungeon)

   It affects your strength (+2).
   It affects your dexterity (+4).
   It affects your resistance to hostile enchantments.
 D - the +2 pair of gloves of the Bells (worn) {-Tele rPois MP+9 Str+3}
   (You found it on level 6 of the Dungeon)

   It affects your strength (+3).
   It protects you from poison.
   It affects your magic capacity (+9).
   It prevents most forms of teleportation.
 K - a +2 robe of the Archmagi
 R - a +2 helmet (worn)
Magical Staves
 s - an uncursed staff of summoning
Jewellery
 j - an uncursed amulet of reflection
 n - a ring of magical power (left hand)
 y - a ring of fire (right hand)
 G - an uncursed amulet of regeneration
 N - an uncursed ring of fire
Wands
 u - a wand of flame (11)
 H - a wand of polymorph (17)
 I - a wand of acid (9)
 O - a wand of paralysis (6)
Scrolls
 e - 5 scrolls of remove curse
 f - 5 scrolls of teleportation
 k - a scroll of amnesia
 l - 6 scrolls of fear
 m - 4 scrolls of enchant weapon
 t - a scroll of identify
 v - 4 scrolls of immolation
 z - 3 scrolls of blinking
 A - 2 scrolls of enchant armour
 B - a scroll of random uselessness {unknown}
 J - a scroll of holy word {unknown}
 M - a scroll of vulnerability {unknown}
 Q - a scroll of brand weapon {unknown}
Potions
 b - 4 potions of magic {unknown}
 d - 6 potions of flight
 g - 2 potions of resistance {unknown}
 h - 4 potions of lignification
 i - 2 potions of berserk rage
 o - a potion of ambrosia {unknown}
 p - 5 potions of curing
 r - 14 potions of degeneration
 w - 3 potions of invisibility {unknown}
 C - 3 potions of cancellation {unknown}
 E - a potion of experience {unknown}
 F - 4 potions of brilliance
 L - 4 potions of mutation {unknown}
 S - 2 potions of might {unknown}
Comestibles
 c - 25 rations


   Skills:
 - Level 2.4 Dodging
 - Level 2.4 Stealth
 * Level 15.7 Spellcasting
 * Level 14.0 Conjurations
 - Level 9.0 Hexes
 - Level 6.0 Translocations
 * Level 9.6 Fire Magic


You had 19 spell levels left.
You knew the following spells:

 Your Spells              Type           Power        Failure   Level  Hunger
a - Magic Dart            Conj           ####         0%          1    None
b - Searing Ray           Conj           ######       1%          2    None
c - Iskenderun's Mystic   Conj/Tloc      ######..     1%          4    None
d - Fulminant Prism       Conj/Hex       ######....   1%          4    None
f - Fireball              Conj/Fire      #######...   1%          5    None
s - Sticky Flame          Conj/Fire      #######.     1%          4    None
x - Conjure Flame         Conj/Fire      #######.     1%          3    None

Your spell library contained the following spells:

 Spells                   Type           Power        Failure   Level  Hunger
 Iron Shot                Conj/Erth      ######....   16%         6    ####...
 Foxfire                  Conj/Fire      ####         1%          1    None
 Dazzling Flash           Conj/Hex       ######       1%          3    None
 Inner Flame              Hex/Fire       #######.     1%          3    None
 Beastly Appendage        Tmut           ###...       7%          1    None
 Sticks to Snakes         Tmut           ###.....     10%         2    None
 Spider Form              Tmut/Pois      ###.......   21%         3    None
 Ice Form                 Ice/Tmut       ###.....     54%         4    None
 Blade Hands              Tmut           ###.......   88%         5    None


Dungeon Overview and Level Annotations

Branches:
Dungeon (14/15)            Temple (0/1) D:7            Lair (0/6) D:11
    Orc (0/2) D:11         Bailey (visited)
 Vaults: D:13-14

Altars:
Ashenzari
Cheibriados
Elyvilon
Makhleb
Okawaru
Qazlal
Ru
Trog
Uskayaw
Vehumet
Wu Jian

Shops:
D:4 !   D:10 =   D:11 %

Annotations:
D:7 3 runed translucent doors, asdjio's ghost, amateur OpFi
D:12 1 transporter, 1 runed translucent door


Message History

A shadow comes into view.
You see here 2 arrows.
Casting: Fireball (dangerous; 1% risk of failure)
Confirm with . or Enter, or press ? or * to list all spells.
You feel a surge of power!
The fire begins to smolder!
The fire ignites!
Casting: Conjure Flame (safe; 1% risk of failure)
Confirm with . or Enter, or press ? or * to list all spells.
You feel a surge of power!
The fire begins to smolder!
The fire ignites!
Casting: Conjure Flame (safe; 1% risk of failure)
Confirm with . or Enter, or press ? or * to list all spells.
You feel a surge of power!
The fire begins to smolder!
The centaur warrior is engulfed in blazing flames.
The centaur warrior shoots an arrow.
The arrow hits you!!
* * * LOW HITPOINT WARNING * * *
A hound comes into view.
The centaur warrior is engulfed in blazing flames.
The centaur warrior shoots an arrow.
The arrow hits you!
You die...

###....( #.(.....
#.#.....
###########.#.....
#(c§(l(CW⌠..#)..(.
#§###...###......)
#§# ##∩##.........
#§# ####.....####
#@#######.....#
#......h......#
#########.....#
#.....# #.....#
#.....# ### #.....#
#.##### #######
#....<###############


You could see a centaur warrior and a hound (wandering).

Vanquished Creatures
  Rupert (D:12)
  3 centaur warriors (D:14)
  A two-headed ogre (D:10)
  A skeletal warrior (D:9)
  A necromancer (D:9)
  A deep elf mage (D:6)
  An ugly thing (D:12)
  2 guardian serpents (D:10)
  A black mamba (shapeshifter) (D:12)
  A gargoyle (D:14)
  2 trolls
  A meliai (D:14)
  3 slime creatures (D:11)
  2 hippogriffs
  4 flying skulls (D:9)
  A water elemental (D:11)
  2 wyverns
  11 yaks
  5 shadows
  4 wraiths
  A human (D:9)
  Sigmund (D:3)
  4 hogs (D:9)
  Eustachio (D:5)
  A vampire mosquito (D:14)
  A hell hound (D:14)
  3 porcupines (D:11)
  Duvessa (D:5)
  A swamp drake (D:11)
  An eye of draining (D:10)
  9 orc warriors
  5 sky beasts
  A necrophage (D:10)
  4 phantoms
  7 ogres
  3 black bears
  10 centaurs
  3 crocodiles (D:11)
  Blork the orc (D:5)
  A big kobold (D:11)
  8 bullfrogs
  A gnoll sergeant (D:7)
  Dowan (D:5)
  3 wyvern zombies
  A wyvern skeleton (D:12)
  A water moccasin skeleton (D:7)
  6 scorpions
  6 killer bees (D:7)
  2 electric eels (D:11)
  12 wights
  11 howler monkeys
  3 centaur zombies (D:9)
  5 crimson imps
  3 hounds
  2 quasits
  4 bullfrog skeletons
  A bullfrog zombie (D:9)
  2 jellies
  A gnoll shaman (D:4)
  8 orc priests
  3 centaur skeletons
  3 iguanas
  17 orc wizards
  6 worker ants
  2 hound zombies (D:9)
  2 hound skeletons
  A worker ant zombie (D:9)
  22 gnolls
  18 adders
  3 shadow imps
  2 adder skeletons
  2 adder zombies
  2 worms (D:2)
  2 dart slugs (D:1)
  3 leopard geckos
  60 orcs
  2 ball pythons
  10 giant cockroaches
  11 goblins
  21 hobgoblins
  7 jackals
  3 quokkas
  A ball python skeleton (D:4)
  3 bats (D:2)
  8 frilled lizards
  A giant cockroach zombie (D:6)
  18 kobolds
  A leopard gecko skeleton (D:9)
  A leopard gecko zombie (D:5)
  4 quokka skeletons
  A quokka zombie (D:9)
  4 rats
  A plant (D:11)
433 creatures vanquished.

Vanquished Creatures (others)
  A two-headed ogre (D:14)
  101 fulminant prisms
  2 fungi (D:11)
  2 plants (D:11)
106 creatures vanquished.

Grand Total: 539 creatures vanquished

Notes
Turn   | Place    | Note
-------+----------+-------------------------------------------
     0 | D:1      | lorenzova the Deep Elf Conjurer began the quest for the
                  | Orb.
     0 | D:1      | Reached XP level 1. HP: 10/10 MP: 6/6
   358 | D:1      | Reached XP level 2. HP: 15/15 MP: 4/8
   362 | D:1      | Learned a level 2 spell: Searing Ray
  1134 | D:1      | Reached skill level 4 in Spellcasting
  1495 | D:2      | Found a snail-covered altar of Cheibriados.
  1524 | D:2      | Reached skill level 5 in Conjurations
  1555 | D:2      | Reached XP level 3. HP: 19/19 MP: 8/10
  1647 | D:2      | Found a radiant altar of Vehumet.
  1766 | D:2      | Became a worshipper of Vehumet
  2114 | D:2      | Found an ornate altar of the Wu Jian Council.
  2115 | D:2      | Found a bloodstained altar of Trog.
  2452 | D:2      | Reached XP level 4. HP: 24/24 MP: 10/12
  2896 | D:3      | Reached skill level 5 in Spellcasting
  3153 | D:3      | Reached * piety under Vehumet
  3153 | D:3      | Offered knowledge of Sandblast by Vehumet.
  3153 | D:3      | Reached XP level 5. HP: 25/28 MP: 1/14
  3434 | D:3      | Noticed Sigmund
  3441 | D:3      | Killed Sigmund
  3441 | D:3      | Reached skill level 6 in Spellcasting
  3441 | D:3      | Reached XP level 6. HP: 32/32 MP: 9/17
  4132 | D:4      | Found a sacrificial altar of Ru.
  4172 | D:4      | Reached skill level 7 in Spellcasting
  4325 | D:4      | Reached XP level 7. HP: 36/36 MP: 19/19
  4612 | D:4      | Found Fishauha's Distillery.
  4620 | D:4      | Bought a potion of curing for 30 gold pieces
  4632 | D:4      | Reached skill level 8 in Spellcasting
  4940 | D:5      | Entered Level 5 of the Dungeon
  5004 | D:5      | Offered knowledge of Freeze by Vehumet.
  5150 | D:5      | Reached ** piety under Vehumet
  5150 | D:5      | Reached skill level 9 in Spellcasting
  5226 | D:5      | Got a pitted ring mail
  5262 | D:5      | Identified the +1 ring mail of Forking Paths {MR- Str+2
                  | Dex+4} (You found it on level 5 of the Dungeon)
  5380 | D:5      | Reached XP level 8. HP: 41/41 MP: 23/23
  5608 | D:5      | Noticed Blork the orc
  5727 | D:5      | Learned a level 4 spell: Iskenderun's Mystic Blast
  5732 | D:5      | Learned a level 4 spell: Fulminant Prism
  5800 | D:5      | Noticed Eustachio
  5803 | D:5      | Killed Eustachio
  5955 | D:5      | Noticed Duvessa
  5955 | D:5      | Noticed Dowan
  5987 | D:5      | Killed Duvessa
  5987 | D:5      | Reached skill level 1 in Hexes
  5988 | D:5      | Killed Dowan
  6062 | D:5      | Reached skill level 1 in Translocations
  6101 | D:5      | Reached skill level 10 in Spellcasting
  6621 | D:5      | Killed Blork the orc
  6791 | D:6      | Got a pair of smoking gloves
  6832 | D:6      | Identified the +2 pair of gloves of the Bells {-Tele rPois
                  | MP+9 Str+3} (You found it on level 6 of the Dungeon)
  6942 | D:6      | Reached XP level 9. HP: 45/45 MP: 25/25
  7482 | D:6      | Reached skill level 10 in Conjurations
  7633 | D:6      | Reached skill level 11 in Spellcasting
  7681 | D:6      | Noticed a deep elf mage
  7686 | D:6      | Killed a deep elf mage
  7990 | D:7      | Offered knowledge of Mephitic Cloud by Vehumet.
  8199 | D:7      | Reached *** piety under Vehumet
  8370 | D:7      | Found a runed translucent gate.
  8370 | D:7      | Found a runed translucent gate.
  8370 | D:7      | Found a runed translucent gate.
  8370 | D:7      | Noticed asdjio's ghost (amateur OpFi)
  8382 | D:7      | Reached skill level 5 in Hexes
  8432 | D:7      | Reached skill level 12 in Spellcasting
  8517 | D:7      | Found a stormy altar of Qazlal.
  8566 | D:7      | Offered knowledge of Conjure Flame by Vehumet.
  8571 | D:7      | Learned a level 3 spell: Conjure Flame
  8841 | D:7      | Found a staircase to the Ecumenical Temple.
  8844 | D:7      | Reached skill level 1 in Fire Magic
  8844 | D:7      | Reached XP level 10. HP: 46/50 MP: 28/28
  9733 | D:8      | Reached **** piety under Vehumet
  9936 | D:8      | Found a shattered altar of Ashenzari.
 10095 | D:8      | Offered knowledge of Irradiate by Vehumet.
 10710 | D:8      | Found a white marble altar of Elyvilon.
 11011 | D:9      | Reached skill level 5 in Translocations
 11298 | D:9      | Noticed a skeletal warrior
 11312 | D:9      | HP: 1/50 [skeletal warrior/stone (18)]
 11313 | D:9      | Killed a skeletal warrior
 11313 | D:9      | Reached skill level 13 in Spellcasting
 11766 | D:9      | Found a burning altar of Makhleb.
 11981 | D:9      | Found a hide-covered altar of Uskayaw.
 12022 | D:9      | Reached XP level 11. HP: 54/54 MP: 30/30
 12153 | D:9      | Noticed a necromancer
 12172 | D:9      | Killed a necromancer
 12172 | D:9      | Reached skill level 5 in Fire Magic
 12665 | D:9      | Reached ***** piety under Vehumet
 12975 | D:10     | Entered Level 10 of the Dungeon
 13023 | D:10     | Offered knowledge of Airstrike by Vehumet.
 13466 | D:10     | Noticed a two-headed ogre
 13472 | D:10     | Killed a two-headed ogre
 13709 | D:10     | Reached skill level 14 in Spellcasting
 14135 | D:10     | Found Zinememapu's Jewellery Boutique.
 14689 | D:11     | Found a staircase to the Lair.
 14852 | D:11     | Found an iron altar of Okawaru.
 14892 | D:11     | Reached XP level 12. HP: 55/59 MP: 26/32
 15300 | D:11     | You fall into a shaft and drop 1 floor!
 15300 | D:12     | Found a transporter.
 15301 | D:12     | Noticed a centaur warrior
 15302 | D:12     | Found a runed translucent gate.
 15302 | D:12     | Noticed a naga warrior
 15402 | D:12     | Found a flagged portal.
 15411 | Bailey   | Entered a bailey
 16194 | D:12     | Learned a level 4 spell: Sticky Flame
 16200 | D:12     | Learned a level 5 spell: Fireball
 16294 | D:11     | Found Saskyfi's Food Shop.
 17047 | D:11     | Offered knowledge of Iron Shot by Vehumet.
 17288 | D:11     | Found a staircase to the Orcish Mines.
 17744 | D:12     | Noticed Rupert
 17764 | D:12     | Killed Rupert
 17764 | D:12     | Reached skill level 15 in Spellcasting
 17888 | D:12     | You fall into a shaft and drop 2 floors!
 17903 | D:14     | Found a flickering gateway to a bazaar.
 17915 | Bazaar   | Entered a bazaar
 17915 | Bazaar   | Found Dymnat's Weapon Boutique.
 17915 | Bazaar   | Found Daeruuj's Armour Shop.
 17915 | Bazaar   | Found Pulac's Weapon Shop.
 18011 | D:14     | Noticed a centaur warrior
 18029 | D:14     | Killed a centaur warrior
 18305 | D:14     | Noticed a centaur warrior
 18369 | D:13     | Noticed a centaur warrior
 18467 | D:14     | Noticed a centaur warrior
 18470 | D:14     | Killed a centaur warrior
 18489 | D:14     | Killed a two-headed ogre
 18491 | D:14     | Killed a centaur warrior
 18494 | D:14     | Noticed a centaur warrior
 18509 | D:14     | Shot with an arrow by a centaur warrior

Illustrated notes

Levels and vault maps discovered:
D:1:      lightli_arrival_boilingwater, layout_basic
D:2:      layout_basic, marbit_many_paths, gammafunk_temple_overflow_statue,
          cheibriados_altar_1
D:3:      layout_loops_ring, first_ration, hangedman_decor_clover_reticule,
          uniq_sigmund
D:4:      layout_cave_pools, lemuel_crystal_altar, serial_shops, shop,
          serial_forest, infiniplex_forest_join,
          infiniplex_forest_clump_diagonal, infiniplex_forest_lined_2,
          infiniplex_forest_diagonal, infiniplex_forest_lined_1,
          infiniplex_forest_corner_2
D:5:      layout_basic, uniq_duvessa, uniq_blork_the_orc, uniq_eustachio
D:6:      layout_loops_cross, minivault_4, guppyfry_early_elven_hall
D:7:      layout_basic, lemuel_crystal_altar, temple_green,
          gammafunk_ghost_split, minmay_diced_spiral
D:8:      layout_layer_cave, ashenzari_conservatory_becter,
          lemuel_coloured_pillars_altar
D:9:      hangedman_screamer, layout_basic, kennysheep_mini,
          eat_drink_and_be_merry_uskayaw, grunt_livestock
D:10:     nrook_guardian_serpent_snake_passage, layout_irregular_city,
          serial_shops, kennysheep_mini_moat
D:11:     layout_basic, minmay_lair_entry_grove, erik_orc_1, serial_shops, shop,
          basic_altar
D:12:     gammafunk_jiyva_shrine, layout_irregular_city,
          gammafunk_ghost_fury_of_okawaru, enter_bailey_3, uniq_rupert
D:13:     layout_loops_corners, david_vaults_5, serial_shops, bzr_entry_water
D:14:     kennysheep_ambush_hall, layout_basic, chequers_serial_rivers_micro_c,
          serial_shops, bzr_entry_road, grunt_ministairs_11, evilmike_butchery,
          uniq_louise, uniq_azrael

Skill      XL: |  1  2  3  4  5  6  7  8  9 10 11 12 |
---------------+-------------------------------------+-----
Spellcasting   | 4 5 6 7 9 10 12 13 14 15 | 15.7
Conjurations   | 5 6 7 8 9 10 11 13 14 | 14.0
Hexes          | 3 5 6 8 9 |  9.0
Translocations | 2 4 5 6 |  6.0
Fire Magic     | 1 4 7 9 |  9.6
Dodging        | |  2.4
Stealth        | |  2.4

Action                   |  1- 3 |  4- 6 |  7- 9 | 10-12 || total
-------------------------+-------+-------+-------+-------++-------
Melee: Scythe            |       |       |       |     2 ||     2
 Cast: Magic Dart        |    81 |    76 |   154 |   170 ||   481
       Searing Ray       |       |     8 |    45 |   114 ||   167
       Fulminant Prism   |       |       |    13 |    89 ||   102
       Conjure Flame     |       |       |     6 |    16 ||    22
       Iskenderun's Myst |       |       |       |    47 ||    47
       Fireball          |       |       |       |     8 ||     8
  Use: Scroll            |     1 |     5 |     4 |     7 ||    17
       Potion            |       |       |       |     3 ||     3
  Eat: Chunk             |     4 |     6 |    13 |    21 ||    44
       Ration            |       |       |       |     2 ||     2
Armor: Robe              |       |     1 |     2 |       ||     3
       Ring mail         |       |       |     3 |    38 ||    41
Dodge: Dodged            |     6 |     9 |    18 |    79 ||   112
